 Dungeon Crawl Stone Soup version 0.20.0-6-gd3061e9 (webtiles) character file.

14 straycat the Sneak (level 2, -6/21 HPs)
             Began as a Vampire Wanderer on May 28, 2017.
             Mangled by a gnoll
             ... wielding a +0 whip
              (10 damage)
             ... on level 1 of the Dungeon.
             The game lasted 00:03:23 (645 turns).

straycat the Sneak (Vampire Wanderer)                Turns: 645, Time: 00:03:24

Health: -6/21      AC:  2    Str: 11    XL:     2   Next: 31%
Magic:  3/3        EV: 12    Int: 14    God:
Gold:   30         SH:  0    Dex: 13    Spells: 2/3 levels left

rFire    . . .     SeeInvis +   a - +2 short sword
rCold    . . .     Gourm    .   (no shield)
rNeg     + . .     Faith    .   d - +0 robe
rPois    .         Spirit   .   (no helmet)
rElec    .         Reflect  .   (no cloak)
rCorr    .         Harm     .   (no gloves)
MR       .....                  (no boots)
Stlth    ++........             (no amulet)
Regen    0.1/turn               (no ring)
MPRegen  0.1/turn               (no ring)

@: no status effects
A: fangs 3, see invisible, unbreathing
a: no special abilities


You were on level 1 of the Dungeon.
You were not thirsty.

You visited 1 branch of the dungeon, and saw 1 of its levels.

You collected 30 gold pieces.

Inventory:

Hand Weapons
 a - a +2 short sword (weapon)
 e - a +0 dagger
 g - a cursed -3 mace
Missiles
 j - 22 arrows
 l - 25 stones (quivered)
Armour
 d - a +0 robe (worn)
 h - a +0 scale mail
 m - a +0 pair of gloves
Scrolls
 b - a scroll of fear {unknown}
 k - a scroll of teleportation {unknown}
Potions
 f - 2 potions of blood
Books
 c - the Volume of Beguiling

   Spells                             Type                      Level
   a - Corona                         Hexes                        1
   b - Confuse                        Hexes                        3


   Skills:
 * Level 1.1 Fighting
 * Level 1.5 Short Blades
 - Level 1.0 Throwing
 * Level 1.0 Dodging
 + Level 3.3 Stealth
 + Level 1.1 Spellcasting
   Level 2.1 Transmutations
   Level 1.7 Poison Magic


You had 2 spell levels left.
You knew the following spells:

 Your Spells              Type           Power        Failure   Level  Hunger
a - Corona                Hex            #......      26%         1    ##.....


Dungeon Overview and Level Annotations

Branches:
Dungeon (1/15)

Altars:


Innate Abilities, Weirdness & Mutations

You have razor-sharp teeth.
You have supernaturally acute eyesight. (SInv)
You can survive without breathing.


Message History

Casting: Corona
Confirm with . or Enter, or press ? or * to list all spells.
Aiming: Corona
Press: ? - help, Shift-Dir - straight line, f - gnoll
Aim: a gnoll, wielding a whip (chance to defeat MR: 41%)
The gnoll is outlined in light.
The gnoll barely misses you.
The goblin shouts!
You hit the gnoll but do no damage. The gnoll hits you with a whip.
You hit the gnoll.
The gnoll is heavily wounded.
The gnoll hits you with a whip.
You hit the gnoll.
The gnoll is severely wounded.
The gnoll hits you with a whip!
* * * LOW HITPOINT WARNING * * *
The gnoll stops glowing.
It was a potion of magic.
Magic courses through your body. The gnoll hits you with a whip!
You die...

........# #..... (.......#
#..... #....(..## ##.....
#........###...... #
#................. .. #.##..#
#.........### #. #...g#
##.......## #. ####g# #...<...#
. #.#######@## ##.......## ...
#.#........###.........###
....##.#.#####...[.............
.......#.# #........###......
.........# #.......## ##.....
########.# #.......# #.....
####.#####.......## ##.....
#.................###......
#.########.................


You could see a gnoll and a goblin.

Vanquished Creatures
  An ooze (D:1)
  A goblin (D:1)
  A hobgoblin (D:1)
  3 jackals (D:1)
  A kobold (D:1)
  A bat (D:1)
  A rat (D:1)
9 creatures vanquished.

Notes
Turn   | Place    | Note
-------+----------+-------------------------------------------
     0 | D:1      | straycat the Vampire Wanderer began the quest for the Orb.
     0 | D:1      | straycat set off with: a +2 short sword, a potion of lignification, the Volume of Beguiling, a +0 robe, a +0 dagger, a potion of blood
     0 | D:1      | Reached XP level 1. HP: 15/15 MP: 2/2
   136 | D:1      | HP: 1/22 [bat (1)]
   458 | D:1      | Reached skill level 1 in Dodging
   458 | D:1      | Reached XP level 2. HP: 20/21 MP: 3/3
   635 | D:1      | Identified the Volume of Beguiling
   637 | D:1      | Learned a level 1 spell: Corona
   645 | D:1      | Mangled by a gnoll

Skill      XL: |  1 |
---------------+----+-----
Dodging        | 1 |  1.0
Fighting       | |  1.1
Short Blades   | |  1.5
Throwing       | |  1.0
Stealth        | |  3.3
Spellcasting   | |  1.1
Transmutations | |  2.1
Poison Magic   | |  1.7

Action                   || total
-------------------------++-------
Melee: Short sword       ||    37
       Bite              ||     3
Throw: Stone             ||     1
 Cast: Corona            ||     1
  Use: Potion            ||     2
Armor: Skin              ||    14
       Robe              ||     4
Dodge: Dodged            ||    18
